 Dungeon Crawl Stone Soup version 0.19-a0-1057-g15bb84d (webtiles) character file.

67203 Situis the Peltast (level 14, -14/141 HPs)
             Began as a Minotaur Fighter on Aug 2, 2016.
             Was a High Priest of Trog.
             Demolished by a harpy (17 damage)
             ... summoned by Kirke
             ... on level 4 of the Lair of Beasts.
             The game lasted 01:04:39 (22388 turns).

Situis the Peltast (Minotaur Fighter)              Turns: 22388, Time: 01:04:40

Health: -14/141    AC:  0    Str: 25    XL:     14   Next: 82%
Magic:  20/20      EV: 13    Int:  5    God:    Trog [*****.]
Gold:   1788       SH:  2    Dex: 11    Spells: 0 memorised, 13 levels left

rFire  . . .     SeeInvis .     (weapon currently unavailable)
rCold  . . .     Gourm    .     (armour currently unavailable)
rNeg   . . .     Faith    .     (shield currently unavailable)
rPois  .         Spirit   .     (helmet currently unavailable)
rElec  .         Dismiss  .     (cloak currently unavailable)
rCorr  .         Reflect  +     (gloves currently unavailable)
SustAt .         Harm     .     (boots currently unavailable)
MR     +....                    q - +2 amulet of reflection
Stlth  +.........               (ring currently unavailable)
                                (ring currently unavailable)

@: pig-form, very slightly contaminated, hasted, very quick, somewhat resistant
to hostile enchantments, very unstealthy
A: (retaliatory headbutt), (horns 0), robust 1
a: Berserk, Trog's Hand, Brothers in Arms, Burn Spellbooks, Renounce Religion


You were on level 4 of the Lair of Beasts.
You worshipped Trog.
Trog was extremely pleased with you.
You were not hungry.
You were a filthy swine.
You visited 2 branches of the dungeon, and saw 19 of its levels.
You also visited: Labyrinth and Bailey.

You collected 1863 gold pieces.
You spent 75 gold pieces at shops.

Inventory:

Hand Weapons
 C - a +2 demon trident of electrocution
 P - a +7 antimagic quick blade
 Q - a +9 antimagic eveningstar
 R - a +2 flail of holy wrath
 S - a +1 war axe of flaming (melded)
Missiles
 T - 3 javelins of returning (quivered)
Armour
 b - the +2 cloak of Vygiat (melded) {+Fly rN++ Regen+ Dex-3}
   (You found it in a bailey)

   It affects your dexterity (-3).
   It greatly protects you from negative energy.
   It lets you fly.
   It increases your rate of regeneration.
 c - a +0 shield (melded)
 e - a +2 plate armour of cold resistance
 i - a +0 pair of boots (melded)
 x - the +5 ring mail of Inference (melded) {rPois rN+ Str+2}
   (You found it on level 5 of the Dungeon)

   It affects your strength (+2).
   It protects you from poison.
   It protects you from negative energy.
 I - a +0 pair of gloves (melded)
 U - a +2 chain mail of fire resistance
Rods
 m - a +0 rod of clouds (9/9)
   (You found it in a labyrinth)
Jewellery
 h - an uncursed ring of protection from cold
 q - a +2 amulet of reflection (around neck)
 w - a +2 ring of strength
 z - an uncursed amulet of guardian spirit
 G - an uncursed ring of flight
 H - a +6 ring of protection (melded)
 L - a ring of protection from fire (melded)
 X - a +4 ring of protection
 Z - an uncursed ring of fire
Wands
 k - a wand of paralysis (9/24)
 r - a wand of iceblast (7/15)
 u - a wand of teleportation (6/9)
 v - a wand of iceblast (7/15)
 y - a wand of disintegration (3/24)
 W - a wand of iceblast (6/15)
Scrolls
 g - 9 scrolls of enchant armour
 j - 8 scrolls of remove curse
 l - 2 scrolls of teleportation
 p - 2 scrolls of blinking
 t - 6 scrolls of fog
 D - a scroll of fear
 K - 3 scrolls of recharging
 O - 2 scrolls of identify
Potions
 o - 5 potions of cure mutation
 A - 6 potions of haste
 B - 3 potions of agility
 E - 3 potions of might
 F - 2 potions of curing
 J - 2 potions of brilliance
 M - 2 potions of lignification
Miscellaneous
 N - a phial of floods
Comestibles
 a - 4 meat rations
 d - 4 beef jerkies
 f - 5 bread rations


   Skills:
 + Level 13.3 Fighting
 + Level 13.3(14.4) Axes
 + Level 10.1(12.9) Maces & Flails
 + Level 10.5 Armour
 + Level 16.5 Shields
 * Level 10.3 Evocations


You had 13 spell levels left.
You didn't know any spells.

Dungeon Overview and Level Annotations

Branches:
Dungeon (15/15)            Temple (0/1) D:7            Lair (4/6) D:10
  Swamp (0/4) Lair:3        Snake (0/4) Lair:2          Orc (0/2) D:11
 Vaults (0/5) D:14         Depths (0/5) D:15

Altars:
Ashenzari
Cheibriados
Fedhas
Gozag
Kikubaaqudgha
Nemelex Xobeh
Qazlal
Trog
Vehumet
Xom
Yredelemnul

Shops:
D:4 ?   D:12 (   D:13 =   D:15 :

Annotations:
Lair:4 Kirke


Innate Abilities, Weirdness & Mutations

((You reflexively headbutt those who attack you in melee.))
((You have a pair of horns on your head.))
You are robust. (+10% HP)


Message History

Your ogre rages.
The harpy closely misses you. The harpy barely misses you.
You feel yourself speed up.
The harpy screeches!
The harpy closely misses you. The harpy claws you!
* * * LOW HITPOINT WARNING * * *
You are very lightly contaminated with residual magic.
The harpy screeches!
You hear a shout!
The harpy closely misses you. x2
The harpy screeches!
Found 2 scrolls of identify.
You hear a shout!
The harpy claws you!
* * * LOW HITPOINT WARNING * * *
The harpy claws you!
* * * LOW HITPOINT WARNING * * *
Okay, then.
The harpy claws you!
You die...

............<.............#
.........................#.#
....♣♣..÷≈≈♣♣♣............#..
. ♣♣♣÷≈≈♣ ♣.....>.....#.#.
♣♣♣÷≈≈♣♣♣♣.P#......#.#. #
♣.♣≈≈≈≈♣.P...#....#.#.. ♣[♣
♣♣.≈≈≈≈P♣♣...♣...#.#...
♣.P♣♣..≈≈≈≈♣.♣♣.♣##..#.#..
♣P...≈≈≈≈.♣.h♣.♣ ... .
♣♣♣P.♣≈≈≈♣♣♣♣H♣ ♣
♣♣...♣..≈≈≈....♣♣.♣
♣.♣♣♣♣.P≈≈≈♣♣♣♣...♣
♣..♣♣.≈†≈≈..♣.♣♣♣♣
♣P.P≈≈≈≈♣♣♣..P.♣
♣♣♣♣...≈≈≈≈♣P...P♣♣
♣.P♣♣♣.≈≈≈≈♣♣♣.♣♣♣
♣♣.♣...≈≈≈♣.♣.P.♣.


You could see a harpy.

Vanquished Creatures
  Rupert (Lair:3)
  Azrael (D:12)
  A minotaur (Lab)
  Josephine (D:15)
  The ghost of Dirtsage the Cleaver, a journeyman FoFi of Ru (D:10)
  2 vault guards (D:14)
  Fannar (Lair:2)
  6 hydras
  Harold (Lair:3)
  A catoblepas (D:13)
  A death knight (D:14)
  2 centaur warriors (D:14)
  Urug (Lair:2)
  2 tengu warriors (D:12)
  A fire crab (shapeshifter) (D:13)
  An unseen horror (D:11)
  A wizard (D:14)
  An orc knight (Bailey)
  3 necromancers (D:14)
  Pikel (D:8)
  6 hill giants
  3 ugly things (D:11)
  3 deep elf magi
  4 cyclopes
  A griffon (D:13)
  Maurice (D:8)
  6 elephants (Lair:3)
  A black mamba (Lair:4)
  Psyche (D:11)
  2 gargoyles
  2 spiny frogs (Lair:1)
  An ice devil (D:15)
  6 komodo dragons
  A rime drake (Lair:3)
  An efreet (D:11)
  3 trolls
  2 minotaur zombies (Lab)
  3 polar bears
  2 two-headed ogres
  6 blink frogs
  8 slime creatures
  A meliai zombie (D:13)
  3 shadows
  Grum (D:8)
  18 humans
  24 yaks
  7 wraiths
  4 wyverns
  A vampire (D:11)
  3 basilisks
  3 hogs
  5 hippogriffs
  2 fire elementals (D:12)
  2 steam dragons
  A naga (Lair:2)
  6 hungry ghosts
  6 vampire mosquitoes
  2 mottled dragons
  4 swamp worms (Lair:3)
  6 water moccasins
  Duvessa (D:5)
  3 porcupines
  4 hell hounds (D:12)
  10 orc warriors
  2 slaves (D:8)
  4 ice beasts
  4 sky beasts
  2 eyes of draining
  2 phantoms
  2 black bears (D:10)
  6 ogres
  2 wasps
  The ghost of Sarzael the Skirmisher, an amateur DsCK of Xom (D:3)
  3 necrophages
  6 wolves
  8 centaurs
  6 big kobolds
  11 crocodiles
  Blork the orc (D:5)
  14 giant frogs
  An elf zombie (D:8)
  A gnoll sergeant (D:11)
  A water moccasin zombie (D:8)
  A wyvern skeleton (D:14)
  4 scorpions
  Dowan (D:5)
  A water moccasin skeleton (D:8)
  A troll zombie (D:8)
  14 killer bees
  A howler monkey (D:6)
  6 wights
  An electric eel (Lair:3)
  17 crimson imps
  A giant frog zombie (D:13)
  8 hounds
  A quasit (D:9)
  2 giant frog skeletons
  3 human zombies (D:8)
  4 jellies
  5 orc priests
  A centaur zombie (D:11)
  5 centaur skeletons
  Jessica (D:3)
  25 iguanas
  10 orc wizards
  4 worker ants
  A hell rat (D:9)
  12 sheep
  An ogre zombie (D:8)
  2 mummies (D:8)
  2 hound zombies
  A hound skeleton (D:8)
  A worker ant zombie (D:8)
  4 gnolls (D:3)
  29 river rats
  21 adders
  8 shadow imps
  4 white imps (D:15)
  An adder zombie (D:6)
  3 oozes
  3 adder skeletons
  5 worms
  4 dart slugs
  8 giant geckos
  51 orcs
  A ball python (D:3)
  8 bats
  5 giant cockroaches
  7 hobgoblins
  18 jackals
  6 quokkas
  11 giant newts
  10 goblins
  A jackal zombie (D:6)
  29 kobolds
  An orc skeleton (D:8)
  A quokka zombie (D:8)
  9 rats
  2 plants
674 creatures vanquished.

Vanquished Creatures (collateral kills)
  A fire dragon (D:15)
  An ice dragon (D:15)
  A necromancer (D:14)
  A cyclops (D:13)
  A smoke demon (D:15)
  4 yaktaurs (D:13)
  A troll (D:13)
  A wyvern (Lair:4)
  A hog (Lair:4)
  A human (D:14)
  A mottled dragon (D:13)
  A wasp (D:15)
  A giant frog (D:13)
  6 killer bees (D:13)
  2 crimson imps (D:15)
24 creatures vanquished.

Vanquished Creatures (others)
  A yaktaur (D:13)
  2 slaves (D:8)
  A centaur (D:5)
  A giant gecko (D:8)
  A kobold (D:2)
  4 fungi
  3 plants
13 creatures vanquished.

Grand Total: 711 creatures vanquished

Notes
Turn   | Place    | Note
-------+----------+-------------------------------------------
     0 | D:1      | Situis the Minotaur Fighter began the quest for the Orb.
     0 | D:1      | Reached XP level 1. HP: 19/19 MP: 0/0
   175 | D:1      | Reached XP level 2. HP: 26/27 MP: 1/1
   209 | D:1      | Reached skill level 4 in Shields
  1071 | D:2      | Reached XP level 3. HP: 24/33 MP: 2/2
  1695 | D:3      | Reached XP level 4. HP: 40/41 MP: 3/3
  1873 | D:3      | Noticed Sarzael's ghost (amateur DsCK)
  2037 | D:3      | Killed Sarzael's ghost
  2037 | D:3      | Reached skill level 5 in Armour
  2037 | D:3      | Reached skill level 5 in Shields
  2037 | D:3      | Reached XP level 5. HP: 46/47 MP: 4/4
  2330 | D:3      | Noticed Jessica
  2336 | D:3      | Killed Jessica
  2418 | D:3      | Reached XP level 6. HP: 48/55 MP: 5/5
  2809 | D:4      | Reached skill level 5 in Fighting
  3284 | D:4      | Reached skill level 6 in Shields
  3284 | D:4      | Reached XP level 7. HP: 61/61 MP: 6/6
  3291 | D:4      | Found Geol's Magic Scroll Shoppe.
  3398 | D:4      | Bought a scroll of enchant armour for 75 gold pieces
  3482 | D:4      | Found a shimmering altar of Xom.
  3615 | D:4      | Found a bloodstained altar of Trog.
  3623 | D:4      | Became a worshipper of Trog the Wrathful
  3935 | D:5      | Entered Level 5 of the Dungeon
  3958 | D:5      | Reached skill level 5 in Axes
  4302 | D:5      | Got a twisted ring mail
  4313 | D:5      | Identified the +5 ring mail of Inference {rPois rN+ Str+2} (You found it on level 5 of the Dungeon)
  4326 | D:5      | Noticed Blork the orc
  4338 | D:5      | Killed Blork the orc
  4497 | D:5      | Reached skill level 7 in Shields
  4561 | D:5      | Noticed Duvessa
  4561 | D:5      | Noticed Dowan
  4567 | D:5      | Killed Dowan
  4574 | D:5      | Killed Duvessa
  4574 | D:5      | Reached * piety under Trog
  4574 | D:5      | Reached XP level 8. HP: 54/70 MP: 7/7
  5487 | D:6      | Reached skill level 8 in Shields
  5492 | D:6      | Reached skill level 1 in Evocations
  6121 | D:7      | Found a staircase to the Ecumenical Temple.
  6458 | D:7      | Reached XP level 9. HP: 64/78 MP: 9/9
  6475 | D:7      | Gained mutation: You are robust. (+10% HP) [potion of beneficial mutation]
  6553 | D:7      | Found a sparkling altar of Nemelex Xobeh.
  6553 | D:7      | Found an opulent altar of Gozag.
  6600 | D:7      | Reached skill level 9 in Shields
  6605 | D:7      | Reached ** piety under Trog
  7501 | D:7      | Noticed a hill giant
  7508 | D:7      | Killed a hill giant
  7508 | D:7      | Reached skill level 10 in Shields
  7721 | D:8      | Noticed Grum
  7731 | D:8      | Killed Grum
  7731 | D:8      | Reached XP level 10. HP: 95/96 MP: 11/11
  7833 | D:8      | Noticed Pikel
  7843 | D:8      | Killed Pikel
  7947 | D:8      | Noticed Maurice
  8000 | D:8      | Killed Maurice
  8344 | D:8      | Reached *** piety under Trog
  8497 | D:8      | Reached skill level 11 in Shields
  8578 | D:8      | Found an ancient bone altar of Kikubaaqudgha.
  9126 | D:8      | Found a blossoming altar of Fedhas.
  9126 | D:8      | Found a basalt altar of Yredelemnul.
  9303 | D:9      | Reached skill level 10 in Axes
  9393 | D:8      | Reached skill level 5 in Evocations
  9692 | D:9      | Found a stormy altar of Qazlal.
  9953 | D:9      | Found a radiant altar of Vehumet.
 10492 | D:9      | Reached XP level 11. HP: 106/106 MP: 13/13
 10506 | D:9      | Reached **** piety under Trog
 10644 | D:10     | Entered Level 10 of the Dungeon
 10644 | D:10     | Found a staircase to the Lair.
 10946 | D:10     | Noticed Dirtsage's ghost (journeyman FoFi)
 10958 | D:10     | Killed Dirtsage's ghost
 11125 | D:10     | Reached ***** piety under Trog
 11304 | D:10     | Reached skill level 12 in Shields
 11630 | D:11     | Noticed a white ugly thing
 11652 | D:11     | Killed a white ugly thing
 12060 | D:11     | Noticed a hill giant
 12074 | D:11     | Killed a hill giant
 12297 | D:11     | Reached skill level 10 in Fighting
 12339 | D:11     | Killed an unseen horror
 12346 | D:11     | Noticed Psyche
 12353 | D:11     | Killed Psyche
 12707 | D:11     | Noticed a red ugly thing
 12718 | D:11     | Killed a red ugly thing
 12780 | D:11     | Noticed a four-headed hydra
 12790 | D:11     | Killed a four-headed hydra
 12790 | D:11     | Reached XP level 12. HP: 117/117 MP: 15/15
 12960 | D:11     | Found a staircase to the Orcish Mines.
 13039 | D:11     | Received a gift from Trog
 13493 | D:11     | Reached skill level 13 in Shields
 13504 | D:11     | Reached skill level 1 in Maces & Flails
 14084 | D:12     | Noticed a tengu warrior
 14084 | D:12     | Noticed a tengu warrior
 14088 | D:12     | Killed a tengu warrior
 14090 | D:12     | Killed a tengu warrior
 14250 | D:12     | Found Bojues's Antique Weapon Emporium.
 14330 | D:12     | Found a flagged portal.
 14346 | Bailey   | Entered a bailey
 14554 | Bailey   | Got a blackened cloak
 14559 | Bailey   | Identified the +2 cloak of Vygiat {+Fly rN++ Regen+ Dex-3} (You found it in a bailey)
 14758 | D:12     | Noticed Azrael
 14761 | D:12     | Noticed a six-headed hydra
 14776 | D:12     | Killed a six-headed hydra
 14984 | D:12     | Reached skill level 14 in Shields
 15014 | D:12     | Killed Azrael
 15057 | D:12     | Reached skill level 5 in Maces & Flails
 15422 | D:12     | Reached XP level 13. HP: 92/128 MP: 5/17
 15682 | D:13     | Reached skill level 10 in Armour
 15716 | D:13     | Received a gift from Trog
 16178 | D:13     | Found Qoevaoq's Jewellery Boutique.
 16802 | D:14     | Found a snail-covered altar of Cheibriados.
 16914 | D:14     | Found a labyrinth entrance.
 16937 | Lab      | Entered a labyrinth
 17147 | Lab      | Noticed a minotaur
 17156 | Lab      | Killed a minotaur
 17266 | Lab      | Identified Jizuum's Almanac of Heat and the Mountains
 17269 | Lab      | Got an encrusted triple crossbow
 17282 | Lab      | Identified the +6 triple crossbow "Rasun" {venom, *Corrode rPois Str+4 Stlth+} (You found it in a labyrinth)
 17375 | D:14     | Found a shattered altar of Ashenzari.
 17764 | D:14     | Reached skill level 15 in Shields
 17946 | D:14     | Found a gate to the Vaults.
 18226 | D:15     | Entered Level 15 of the Dungeon
 18263 | D:15     | Noticed Josephine
 18271 | D:15     | Killed Josephine
 18272 | D:15     | Reached XP level 14. HP: 139/139 MP: 6/19
 18400 | D:15     | Found Lidden's Book Emporium.
 18934 | D:15     | Found a staircase to the Depths.
 19113 | Lair:1   | Entered Level 1 of the Lair of Beasts
 19250 | Lair:1   | Received a gift from Trog
 19996 | Lair:2   | Noticed Urug
 20007 | Lair:2   | Killed Urug
 20250 | Lair:2   | Reached skill level 16 in Shields
 20452 | Lair:2   | Found a staircase to the Snake Pit.
 20502 | Lair:2   | Noticed Fannar
 20514 | Lair:2   | Killed Fannar
 21221 | Lair:3   | Noticed Harold
 21232 | Lair:3   | Killed Harold
 21305 | Lair:3   | Reached skill level 10 in Maces & Flails
 21592 | Lair:3   | Received a gift from Trog
 21720 | Lair:3   | Noticed Rupert
 21721 | Lair:3   | Found a staircase to the Swamp.
 21728 | Lair:3   | Killed Rupert
 21834 | Lair:3   | Reached skill level 10 in Evocations
 22323 | Lair:4   | Noticed Kirke
 22385 | Lair:4   | HP: 2/141 [harpy[Kirke] (13)]
 22388 | Lair:4   | Demolished by a harpy

Vault maps used:
D:1:      dpeg_arrival_ternary
D:3:      first_bread, uniq_jessica
D:4:      tgw_xom, serial_shops, nicolae_shop_temple_entry_statues_fountains,
          trog_book
D:5:      wad_lake_hut, uniq_blork_the_orc, uniq_duvessa
D:7:      grunt_temple_overflow_opulence, grunt_livestock, hex_tiny
D:8:      lemuel_mausoleum_altar_kikubaaqudgha, minitemple, uniq_grum,
          uniq_maurice, uniq_pikel
D:9:      lemuel_doored_altar, nicolae_overflow_crystal_walls,
          minmay_lizard_king
D:10:     dpeg_lair_monsters
D:11:     hangedman_cross_cluster, nrook_pool_corridor, uniq_psyche
D:12:     enter_bailey_3, serial_shops,
          nicolae_shop_temple_entry_statues_fountains, uniq_azrael
D:13:     serial_shops, kennysheep_mini_moat
D:14:     grunt_vaults_entry_tiered, lab_entry_generic,
          nicolae_ashenzari_panopticon, basic_altar
D:15:     grunt_enter_depths_hoard, moated_statue, serial_shops, shop,
          grunt_decor_one_mirror, minmay_fire_ice_demons, uniq_josephine
Lair:2:   guppyfry_snake_entry_garden, serial_bayou_pond_d, serial_bayou_pond_e,
          grunt_megastairs_5, uniq_urug, uniq_fannar
Lair:3:   beast_lair_carwin_large_1, nicolae_swamp_entry_splash_gauntlet,
          st_stairs_13, uniq_harold, uniq_rupert
Lair:4:   hangedman_what_comes_after_a, beast_lair_carwin_3, wad_woods_river_01,
          uniq_kirke
Lab:      labyrinth_hidden_loot, nicolae_lab_grate_2, labyrinth_glass_1
Bailey:   bailey_polearm_1, bailey

Skill      XL: |  1  2  3  4  5  6  7  8  9 10 11 12 13 14 |
---------------+-------------------------------------------+-----
Shields        | 4 5 6 7 8 10 11 12 14 15 16 | 16.5
Armour         | 4 5 6 7 8 9 10 | 10.5
Fighting       | 4 5 6 7 9 10 11 12 13 | 13.3
Axes           | 3 4 5 7 8 10 12 13 | 13.3
Evocations     | 2 3 5 6 7 9 10 | 10.3
Maces & Flails | 5 9 10 | 10.1

Action                   |  1- 3 |  4- 6 |  7- 9 | 10-12 | 13-15 || total
-------------------------+-------+-------+-------+-------+-------++-------
Melee: War axe           |   101 |    99 |   303 |   513 |   300 ||  1316
       Headbutt          |     9 |    25 |    61 |   164 |   142 ||   401
       Flail             |       |       |       |     7 |       ||     7
       Eveningstar       |       |       |       |   231 |   381 ||   612
Invok: Berserk           |       |       |     1 |     7 |     2 ||    10
       Brothers in Arms  |       |       |       |     1 |    10 ||    11
       Burn Spellbooks   |       |       |       |       |     5 ||     5
 Abil: Evoke Flight      |       |       |       |     2 |     1 ||     3
Evoke: Wand              |       |       |       |    11 |     1 ||    12
  Use: Scroll            |     3 |       |    12 |     7 |    11 ||    33
       Potion            |       |     1 |     5 |     5 |     3 ||    14
 Stab: Held in net/web   |       |       |       |       |     1 ||     1
  Eat: Meat ration       |     1 |       |     2 |     5 |     2 ||    10
       Beef jerky        |       |     1 |       |       |       ||     1
       Pizza             |       |       |     2 |     9 |       ||    11
       Bread ration      |       |       |     1 |     1 |     2 ||     4
       Royal jelly       |       |       |       |       |     2 ||     2
       Fruit             |       |       |       |       |     5 ||     5
Armor: Scale mail        |    47 |    42 |    14 |       |       ||   103
       Ring mail         |       |       |   101 |   312 |   289 ||   702
Dodge: Dodged            |    29 |    26 |    93 |   237 |   225 ||   610
Block: Shield            |    65 |    79 |   231 |   596 |   590 ||  1561
       Reflection        |     3 |     1 |    10 |    17 |    19 ||    50
       Other             |       |       |       |       |     1 ||     1
